 Dungeon Crawl Stone Soup version 0.28.0-53-g5a82cb258f (webtiles) character file.

Game seed: 11276821468611347025

14 styxcanada the Sneak (level 2, 0/15 HPs)
             Began as a Spriggan Brigand on June 16, 2022.
             Slain by a gnoll
             ... wielding a +0 club
              (6 damage)
             ... on level 1 of the Dungeon.
             The game lasted 00:01:19 (447 turns).

styxcanada the Sneak (Spriggan Brigand)              Turns: 447, Time: 00:01:19

Health: 0/15       AC:  3    Str:  7    XL:     2   Next: 31%
Magic:  3/3        EV: 16    Int: 12    God:
Gold:   0          SH:  0    Dex: 16    Spells: 1/1 levels left

rFire   . . .      SeeInvis +   a - +2 dagger
rCold   . . .      Faith    .   (no shield)
rNeg    . . .      Spirit   .   b - +0 robe
rPois   .          Reflect  .   (helmet restricted)
rElec   .          Harm     .   c - +0 cloak
rCorr   .          Rampage  .   (gloves unavailable)
Will    .....                   (boots unavailable)
Stlth   +++.......              (no amulet)
HPRegen 0.05/turn               (no ring)
MPRegen 0.08/turn               (no ring)

@: very quick
A: very small, no large weapons, unfitting armour, see invisible, speed 3
a: no special abilities


You were on level 1 of the Dungeon.
You visited 1 branch of the dungeon, and saw 1 of its levels.

Inventory:

Hand Weapons
 a - a +2 dagger (weapon)
Missiles
 d - 3 poisoned darts (quivered)
 e - 2 curare-tipped darts
Armour
 b - a +0 robe (worn)
 c - a +0 cloak (worn)
Scrolls
 f - a scroll of noise {unknown}
Potions
 g - 2 potions of degeneration {unknown}


   Skills:
 * Level 1.6 Fighting
 + Level 2.2 Short Blades
 + Level 2.0 Throwing
 * Level 1.5 Dodging
 * Level 6.7 Stealth
 * Level 0.1 Spellcasting


You had one spell level left.
You didn't know any spells.
Your spell library contained the following spells:

 Spells                   Type           Power      Damage    Failure   Level
 Confusing Touch          Hex            0%         N/A       69%         3
 Yara's Violent Unravell  Hex/Tmut       0%         3d3       100%        5
 Enfeeble                 Hex            0%         N/A       100%        7


Dungeon Overview and Level Annotations

Branches:
Dungeon (1/15)

Altars:


Innate Abilities, Weirdness & Mutations

You are very small and have problems with some larger weapons.
You are too small for most types of armour.
You have supernaturally acute eyesight. (SInv)
You cover ground extremely quickly. (Speed+++)


Message History

You throw a poisoned dart. The poisoned dart hits the quokka.
The quokka is moderately wounded.
Unknown command.
Throw: 7 darts (poison)
Press: ? - help, Q - select action, (/) - cycle Shift-Dir - straight line, f/p - quokka
Aim: a quokka (moderately wounded, 50% to hit)
You throw a poisoned dart. The poisoned dart hits the quokka.
The quokka is poisoned.
The quokka is moderately wounded.
Throw: 6 darts (poison)
Press: ? - help, Q - select action, (/) - cycle Shift-Dir - straight line, f/p - quokka
Aim: a quokka (severely wounded, poisoned, 50% to hit)
You throw a poisoned dart.
The poisoned dart closely misses the quokka.
The poisoned dart closely misses the goblin.
The poisoned dart hits the gnoll.
The gnoll is poisoned.
You kill the quokka!
Throw: 5 darts (poison)
Press: ? - help, Q - select action, (/) - cycle Shift-Dir - straight line, f - goblin
Aim: a goblin, wielding a +0 dagger (53% to hit)
You throw a poisoned dart. The poisoned dart hits the goblin.
Throw: 4 darts (poison)
Press: ? - help, Q - select action, (/) - cycle Shift-Dir - straight line, f/p - goblin
Aim: a goblin, wielding a +0 dagger (53% to hit)
You throw a poisoned dart. The poisoned dart hits the goblin.
You hit the goblin.
You kill the goblin!
You see here a +0 dagger.
You hit the gnoll but do no damage.
The gnoll is heavily wounded.
The gnoll hits you with a +0 club!
Ouch! That really hurt!
You hit the gnoll. Your punch misses the gnoll.
The gnoll is heavily wounded.
The gnoll looks more healthy.
The gnoll hits you but does no damage.
You closely miss the gnoll.
The gnoll is heavily wounded.
The gnoll hits you with a +0 club.
You die...

###+#####......# .
###.#####......# .....
........'......+ .....
.##.#####...†..# .....
.##.# #......###.....
.##.# #.....†....# .##$#
#######.##.#
....###########.##.#.####
....(..(.....(.g@........
.#######...#######.##.###
.# #...# #.# .# #...# #.#
.# #...# #.# .#
#...#######.###.### ##
#..................
#...#######.####.# #...#
#.#


You could see a gnoll.

Vanquished Creatures
  A dart slug (D:1)
  A ball python (D:1)
  An endoplasm (D:1)
  A giant cockroach (D:1)
  2 goblins (D:1)
  2 quokkas (D:1)
  A bat (D:1)
  A frilled lizard (D:1)
  A rat (D:1)
11 creatures vanquished.

Notes
Turn   | Place    | Note
-------+----------+-------------------------------------------
     0 | D:1      | styxcanada the Spriggan Brigand began the quest for the
                  | Orb.
     0 | D:1      | Reached XP level 1. HP: 10/10 MP: 2/2
    25 | D:1      | Reached skill level 6 in Stealth
   370 | D:1      | Reached XP level 2. HP: 15/15 MP: 3/3
   447 | D:1      | Slain by a gnoll

Illustrated notes

Levels and vault maps discovered:
D:1:      tarquinn_simple_flora_water_e, layout_basic,
          ebering_ecumenical_altar_hall

Skill      XL: |  1 |
---------------+----+-----
Stealth        | 6 |  6.7
Fighting       | |  1.6
Short Blades   | |  2.2
Throwing       | |  2.0
Dodging        | |  1.5
Spellcasting   | |  0.1

Action                   || total
-------------------------++-------
Melee: Dagger            ||    28
       Punch             ||     1
Throw: Dart              ||     7
 Stab: Sleeping          ||     4
Armor: Robe              ||     2
Dodge: Dodged            ||    11
